 Dungeon Sprint DCSS version 0.28-a0-2-g643f2454ad (webtiles) character file.

Game seed: 15223816113878062982

1542 rocky1 the Earth Mage (level 8, 0/48 HPs)
             Began as a Gargoyle Earth Elementalist on July 23, 2021.
             Was a High Priest of Sif Muna.
             Killed from afar by a molten gargoyle (3 damage)
             ... with a bolt of magma
             ... in the Dungeon (Sprint VII: "The Pits").
             The game lasted 00:12:32 (1573 turns).

rocky1 the Earth Mage (Gargoyle Earth Elementalist) Turns: 1573, Time: 00:12:33

Health: 0/48       AC:  7    Str: 13    XL:     8   Next: 87%
Magic:  7/19       EV: 11    Int: 17    God:    Sif Muna [*****.]
Gold:   0          SH:  0    Dex: 10    Spells: 3/21 levels left

rFire   . . .      SeeInvis .   r - +2 morningstar (vorpal)
rCold   . . .      Faith    .   (no shield)
rNeg    + . .      Spirit   .   b - +0 robe
rPois   ∞          Reflect  .   (no helmet)
rElec   +          Harm     .   (no cloak)
rCorr   .          Rampage  .   (no gloves)
Will    .....      NoTele   +   (no boots)
Stlth   ++........              (no amulet)
HPRegen 0.16/turn               (no ring)
MPRegen 0.16/turn               (no ring)

@: no status effects
A: sickness immunity, AC +5, negative energy resistance 1, electricity
resistance, torment resistance 1, petrification resistance
a: Renounce Religion, Channel Magic, Forget Spell, Divine Exegesis


You were in the Dungeon.
You worshipped Sif Muna.
Sif Muna was extremely pleased with you.
You visited 1 branch

Inventory:

Hand Weapons
 l - a +0 flail of protection
 m - a +0 quarterstaff of speed
 r - a +2 vorpal morningstar (weapon)
 s - a +0 lajatang
 t - a +1 vorpal broad axe
Armour
 b - a +0 robe (worn)
Jewellery
 i - a +3 ring of dexterity
 n - a +3 ring of intelligence
Scrolls
 h - a scroll of blinking
 j - 5 scrolls of amnesia
 k - a scroll of summoning
Potions
 a - a potion of invisibility
 c - 6 potions of curing
 d - 8 potions of heal wounds
 e - a potion of haste
 f - 3 potions of magic
 g - 4 potions of berserk rage
 o - a potion of brilliance
 p - 3 potions of resistance
 q - a potion of might


   Skills:
 + Level 4.3 Fighting
 + Level 3.6 Maces & Flails
 - Level 1.5 Dodging
 - Level 2.1 Stealth
 + Level 7.4 Spellcasting
 + Level 4.1 Conjurations
 + Level 3.0 Necromancy
 + Level 3.2 Transmutations
 + Level 15.1 Earth Magic
 + Level 8.5 Invocations


You had 3 spell levels left.
You knew the following spells:

 Your Spells              Type           Power      Damage    Failure   Level
a - Sandblast             Erth           100%       2d20      1%          1
b - Stone Arrow           Conj/Erth      78%        3d11      1%          3
c - Petrify               Tmut/Erth      37%        N/A       2%          4
d - Borgnjor's Vile Clut  Necr/Erth      18%        N/A       8%          5
e - Lee's Rapid Deconstr  Erth           27%        3d16*     1%          5

Your spell library contained the following spells:

 Spells                   Type           Power      Damage    Failure   Level
 Passwall                 Tmut/Erth      30%        N/A       1%          2
 Ensorcelled Hibernation  Hex/Ice        12%        N/A       17%         2
 Iron Shot                Conj/Erth      19%        9d4       32%         6
 Excruciating Wounds      Necr           8%         N/A       65%         5
 Metabolic Englaciation   Hex/Ice        3%         N/A       97%         5
 Summon Forest            Summ/Tloc      3%         N/A       97%         5
 Simulacrum               Ice/Necr       5%         N/A       100%        6
 Malign Gateway           Summ/Tloc      3%         N/A       100%        7
 Borgnjor's Revivificati  Necr           8%         N/A       100%        8
 Shatter                  Erth           27%        3d23*     100%        9


Dungeon Overview and Level Annotations

Branches:
Dungeon (1/1)

Altars:
Ashenzari
Cheibriados
Dithmenos
Elyvilon
Fedhas
Gozag
Hepliaklqana
Kikubaaqudgha
Makhleb
Nemelex Xobeh
Okawaru
Qazlal
Ru
Sif Muna
Trog
Uskayaw
Vehumet
Wu Jian
Xom
Yredelemnul
Zin
The Shining One
Beogh
Jiyva
Lugonu


Innate Abilities, Weirdness & Mutations

You are immune to sickness and miasma.
Your stone body is resilient. (AC +5)
You are immune to poison.
You resist negative energy. (rN+)
You are resistant to electric shocks. (rElec)
You are resistant to unholy torment.
You are immune to petrification.


Message History

The fire bat closely misses you.
The fire bat bites you but does no damage.
The fire bat misses you.
The molten gargoyle blasts magma at you!
The bolt of magma hits you!
* * * LOW HITPOINT WARNING * * *
Unknown command.
You feel much better. The fire bat closely misses you.
Unknown command.
Casting: Petrify (dangerous; 2% risk of failure)
Confirm with . or Enter, or press ? or * to list all spells.
Aiming: Lee's Rapid Deconstruction (dangerous; 1% risk of failure)
Press: ? - help, Dir - move target A metal wall.
The metal wall shatters!
The blast of metal fragments hits the molten gargoyle!!
The molten gargoyle is severely damaged.
The blast of metal fragments hits the fire bat!
The fire bat is severely wounded.
The fire bat barely misses you.
Unknown command.
The fire bat bites you.
You are engulfed in flames!
The molten gargoyle blasts magma at you!
The bolt of magma hits you!
* * * LOW HITPOINT WARNING * * *
Unknown command.
Casting: Lee's Rapid Deconstruction (dangerous; 1% risk of failure)
Confirm with . or Enter, or press ? or * to list all spells.
Aiming: Lee's Rapid Deconstruction (dangerous; 1% risk of failure)
Press: ? - help, Dir - move target A metal wall.
The metal wall shatters!
The blast of metal fragments hits the fire bat!!!
You kill the fire bat!
Sif Muna accepts your kill.
The blast of metal fragments hits the molten gargoyle but does no damage.
The molten gargoyle is severely damaged.
The molten gargoyle blasts magma at you!
The bolt of magma hits you.
You die...

######## ______.# ______.#
____...###########++######
######'##................#
.')))'.##......#..#......#
######.##.......@........+
........'................+
###'#####......#..#......#
.#..#..##........9.......#
.'..#.)#####'#####''######
.####))##.......##''#
.#..#))##.......##...
.#..#[[##.......##...#
'#..#'###...<...##.†##


You could see a molten gargoyle.

Vanquished Creatures
  An elephant (D)
  A shadow (D)
  A fire bat (D)
  3 yaks (D)
  A water moccasin (D)
  An orc warrior (D)
  2 scorpions (D)
  4 wights (D)
  A gnoll shaman (D)
  An iguana (D)
  3 gnolls (D)
  A river rat (D)
  An adder (D)
  An ufetubus (D)
  An adder skeleton (D)
  3 orcs (D)
  A bat (D)
  2 bat skeletons (D)
  An endoplasm (D)
  8 jackals (D)
  A quokka (D)
  A ball python (D)
  A ball python zombie (D)
  A giant cockroach zombie (D)
42 creatures vanquished.

Notes
Turn   | Place    | Note
-------+----------+-------------------------------------------
     0 | D        | rocky1 the Gargoyle Earth Elementalist began the quest for
                  | the Orb.
     0 | D        | Reached XP level 1. HP: 10/10 MP: 3/3
    17 | D        | Reached skill level 5 in Earth Magic
    45 | D        | Found a bloodstained altar of Trog.
    45 | D        | Found a shimmering blue altar of Sif Muna.
    45 | D        | Found a viscous altar of Jiyva.
    45 | D        | Found a hazy altar of Hepliaklqana.
    45 | D        | Found an opulent altar of Gozag.
    46 | D        | Found a glowing golden altar of the Shining One.
    46 | D        | Found a glowing silver altar of Zin.
    46 | D        | Found a basalt altar of Yredelemnul.
    46 | D        | Found a shimmering altar of Xom.
    46 | D        | Found an ornate altar of the Wu Jian Council.
    46 | D        | Found a sacrificial altar of Ru.
    46 | D        | Found a stormy altar of Qazlal.
    46 | D        | Found an iron altar of Okawaru.
    46 | D        | Found a sparkling altar of Nemelex Xobeh.
    46 | D        | Found a burning altar of Makhleb.
    46 | D        | Found a blossoming altar of Fedhas.
    46 | D        | Found a white marble altar of Elyvilon.
    46 | D        | Found a shadowy altar of Dithmenos.
    46 | D        | Found a snail-covered altar of Cheibriados.
    48 | D        | Found a radiant altar of Vehumet.
    48 | D        | Found a corrupted altar of Lugonu.
    49 | D        | Found a hide-covered altar of Uskayaw.
    49 | D        | Found an ancient bone altar of Kikubaaqudgha.
    49 | D        | Found a broken altar of Ashenzari.
    51 | D        | Became a worshipper of Sif Muna the Loreminder
    80 | D        | Reached * piety under Sif Muna
    81 | D        | Reached skill level 6 in Earth Magic
    81 | D        | Reached XP level 2. HP: 15/15 MP: 3/5
   102 | D        | Noticed a scorpion
   109 | D        | Reached ** piety under Sif Muna
   110 | D        | Reached skill level 7 in Earth Magic
   110 | D        | Reached XP level 3. HP: 19/19 MP: 2/6
   114 | D        | Killed a scorpion
   115 | D        | Reached skill level 10 in Earth Magic
   115 | D        | Reached XP level 4. HP: 9/24 MP: 5/7
   425 | D        | Reached *** piety under Sif Muna
   433 | D        | Reached skill level 11 in Earth Magic
   433 | D        | Reached XP level 5. HP: 25/28 MP: 0/8
   556 | D        | Noticed an orc warrior
   562 | D        | Reached **** piety under Sif Muna
   563 | D        | Reached skill level 12 in Earth Magic
   580 | D        | Killed an orc warrior
   581 | D        | Reached skill level 13 in Earth Magic
   581 | D        | Reached XP level 6. HP: 32/32 MP: 4/12
   584 | D        | Reached skill level 5 in Invocations
   588 | D        | Reached ***** piety under Sif Muna
   589 | D        | Reached skill level 5 in Spellcasting
   592 | D        | Reached skill level 14 in Earth Magic
   592 | D        | Reached XP level 7. HP: 16/36 MP: 5/15
   592 | D        | Received a gift from Sif Muna
   667 | D        | Got Sif Muna's Collected Works on Lethal Dislocation {god
                  | gift}
   736 | D        | Learned a level 3 spell: Stone Arrow
   741 | D        | Learned a level 4 spell: Petrify
   794 | D        | Learned a level 5 spell: Borgnjor's Vile Clutch
   976 | D        | Noticed a shadow
   981 | D        | Killed a shadow
   982 | D        | Reached skill level 1 in Fighting
   982 | D        | Reached skill level 1 in Maces & Flails
   982 | D        | Reached skill level 1 in Conjurations
   982 | D        | Reached skill level 1 in Necromancy
   982 | D        | Reached skill level 1 in Transmutations
  1248 | D        | Received a gift from Sif Muna
  1260 | D        | Got Sif Muna's Collected Works on Stones and Snow {god
                  | gift}
  1267 | D        | Learned a level 5 spell: Lee's Rapid Deconstruction
  1287 | D        | Noticed an elephant
  1287 | D        | Noticed a yak
  1287 | D        | Noticed a yak
  1287 | D        | Noticed a yak
  1291 | D        | Killed a yak
  1292 | D        | Reached XP level 8. HP: 45/45 MP: 12/18
  1293 | D        | Killed a yak
  1293 | D        | Killed a yak
  1306 | D        | Killed an elephant
  1307 | D        | Reached skill level 15 in Earth Magic
  1563 | D        | Noticed a molten gargoyle
  1573 | D        | Killed from afar by a molten gargoyle

Illustrated notes

Levels and vault maps discovered:
D:        pitsprint [storerooms_1, entrance_room_1, metal_vault_7, armoury_2,
          mini_pit_1, grid_room_1, main_hall_1, silver_pit, the_coven_1,
          the_vestibule_1, steel_vault_1, golden_pit, hallway_of_sentries,
          crystal_vault_2, iron_vault_3, final_vault]

Skill      XL: |  1  2  3  4  5  6  7  8 |
---------------+-------------------------+-----
Earth Magic    | 6 7 10 11 13 14 15 | 15.1
Spellcasting   | 4 5 6 7 |  7.4
Invocations    | 4 6 7 8 |  8.5
Fighting       | 2 4 |  4.3
Maces & Flails | 2 3 |  3.6
Conjurations   | 2 4 |  4.1
Necromancy     | 1 3 |  3.0
Transmutations | 2 3 |  3.2
Dodging        | |  1.5
Stealth        | |  2.1

Action                   |  1- 3 |  4- 6 |  7- 9 || total
-------------------------+-------+-------+-------++-------
Melee: Quarterstaff      |    12 |     2 |       ||    14
       Flail             |       |    19 |    25 ||    44
 Cast: Sandblast         |    12 |    15 |    13 ||    40
       Stone Arrow       |       |       |     9 ||     9
       Lee's Rapid Decon |       |       |     5 ||     5
  Use: Potion            |     1 |     2 |     2 ||     5
 Stab: Invisible         |       |     2 |       ||     2
Armor: Robe              |     7 |     5 |    12 ||    24
Dodge: Dodged            |    17 |    16 |    23 ||    56

Table legend: (Time is in decaauts)
 A = Elapsed time spent in this place.
 B = Non-inter-level travel time spent in this place.
 C = Inter-level travel time spent in this place.
 D = Time resting spent in this place.
 E = Time spent auto-exploring this place.
 F = Levels seen in this place.
 G = Mean time per level.
                   A        B        C        D        E       F      G
               +--------+--------+--------+--------+--------+-----+--------+
         Total |   1599 |   1521 |     78 |   1081 |      0 |   1 | 1599.0 |
       Dungeon |   1599 |   1521 |     78 |   1081 |      0 |   1 | 1599.0 |
               +--------+--------+--------+--------+--------+-----+--------+

Top non-repeatable levels by time:
       D: 1599 daAuts
